 Dungeon Crawl Stone Soup version 0.25-a0-577-ga4619f409e (webtiles) character file.

Game seed: 12987760374162650804, levelgen mode: deterministic

241 Flugslaktarn the Chopper (level 5, -8/47 HPs)
             Began as a Minotaur Fighter on Mar 2, 2020.
             Killed from afar by a steam dragon (13 damage)
             ... with a ball of steam
             ... on level 6 of the Dungeon.
             The game lasted 00:00:49 (2246 turns).

Flugslaktarn the Chopper (Minotaur Fighter)         Turns: 2246, Time: 00:00:50

Health: -8/47      AC:  7    Str: 22    XL:     5   Next: 80%
Magic:  4/4        EV:  7    Int:  5    God:
Gold:   125        SH:  9    Dex:  9    Spells: 4/4 levels left

rFire    . . .     SeeInvis .   a - +0 war axe
rCold    . . .     Gourm    .   c - +0 kite shield
rNeg     . . .     Faith    .   b - +0 scale mail
rPois    .         Spirit   .   (helmet restricted)
rElec    .         Reflect  .   (no cloak)
rCorr    .         Harm     .   (no gloves)
MR       .....                  (no boots)
Stlth    ..........             (no amulet)
HPRegen  0.15/turn              (no ring)
MPRegen  0.09/turn              (no ring)

@: no status effects
A: retaliatory headbutt, horns 2
a: no special abilities


You were on level 6 of the Dungeon.
You were not hungry.

You visited 1 branch of the dungeon, and saw 6 of its levels.

You collected 125 gold pieces.

Inventory:

Hand Weapons
 a - a +0 war axe (weapon)
Armour
 b - a +0 scale mail (worn)
 c - a +0 kite shield (worn)
Jewellery
 o - a +3 ring of protection {unknown}
   (You found it on level 5 of the Dungeon)
 p - the ring "Asob" {Fire +Blink Str+2 Dex+2, unknown}
   (You found it on level 5 of the Dungeon)

   [ring of fire]

   It enhances your fire magic.
   It affects your strength (+2).
   It affects your dexterity (+2).
   It protects you from fire.
   It makes you vulnerable to cold.
   It lets you blink.
Scrolls
 g - a scroll of immolation {unknown}
 h - 2 scrolls of identify {unknown}
 i - a scroll of fog {unknown}
 j - 2 scrolls of enchant armour {unknown}
 n - a scroll of magic mapping {unknown}
Potions
 d - a potion of might
 f - a potion of degeneration {unknown}
 k - a potion of brilliance {unknown}
 l - a potion of mutation {unknown}
 m - 2 potions of ambrosia
Comestibles
 e - 8 rations
 q - 2 chunks of flesh


   Skills:
 + Level 4.7 Fighting
 * Level 5.1 Axes
 + Level 4.7 Armour
 + Level 4.7 Shields


You had 4 spell levels left.
You didn't know any spells.
Your spell library was empty.

Dungeon Overview and Level Annotations

Branches:
Dungeon (6/15)
 Temple: D:4-7

Altars:
Uskayaw
Yredelemnul
The Shining One


Innate Abilities, Weirdness & Mutations

You reflexively headbutt those who attack you in melee.
You have a pair of horns on your head.


Message History

You are too injured to fight recklessly!
You are too injured to fight recklessly!
You are too injured to fight recklessly!
You are too injured to fight recklessly!
You are too injured to fight recklessly!
You are too injured to fight recklessly!
You are too injured to fight recklessly!
You are too injured to fight recklessly!
You are too injured to fight recklessly!
You are too injured to fight recklessly!
You are too injured to fight recklessly!
Unknown command.
The withered plant is engulfed in a cloud of scalding steam. x2
The orc warrior hits something with a +2 scimitar of holy wrath!
A shadow imp comes into view.
Sorry, you're not good enough to have a special ability.
The orc warrior hits the withered plant with a +2 scimitar of holy wrath!
The steam dragon breathes steam at you. The ball of steam hits you!
You die...

##...##
#.(../#######
#####
##....÷.(.....
....
#....<.#######
.5.>#.#...##
#..#.#####
####..#.#######
#.......#§§§..####
#.##.(.@.§P.P.....
##.#D§§.§...#
#.#.§.P.P..#
#.#.#§§o..## #
#....#### #.#.D.#
#.##.## ###...#
....#


You could see a steam dragon, an orc warrior and a shadow imp.

Vanquished Creatures
  An orc wizard (D:5)
  An iguana (D:5)
  A worker ant (D:5)
  A hound skeleton (D:5)
  6 gnolls (D:4)
  3 adders
  A shadow imp (D:5)
  A worm (D:2)
  3 leopard geckos
  14 orcs
  3 giant cockroaches
  A goblin (D:1)
  2 hobgoblins
  3 jackals (D:2)
  A kobold (D:3)
  A ball python (D:4)
  2 bats
  A leopard gecko skeleton (D:4)
  A quokka skeleton (D:4)
  A quokka zombie (D:5)
48 creatures vanquished.

Notes
Turn   | Place    | Note
-------+----------+-------------------------------------------
     0 | D:1      | Flugslaktarn the Minotaur Fighter began the quest for the
                  | Orb.
     0 | D:1      | Reached XP level 1. HP: 19/19 MP: 0/0
   125 | D:2      | Reached XP level 2. HP: 24/27 MP: 1/1
   201 | D:3      | Reached skill level 3 in Axes
   331 | D:4      | Reached XP level 3. HP: 16/33 MP: 2/2
   525 | D:4      | Reached XP level 4. HP: 23/40 MP: 3/3
   710 | D:4      | Reached skill level 4 in Axes
  1232 | D:5      | Entered Level 5 of the Dungeon
  1237 | D:5      | Reached XP level 5. HP: 41/47 MP: 4/4
  1641 | D:5      | Found a hide-covered altar of Uskayaw.
  1649 | D:5      | Reached skill level 5 in Axes
  1726 | D:5      | Found a glowing golden altar of the Shining One.
  1991 | D:5      | Got a pitted glass ring
  2230 | D:6      | Found a basalt altar of Yredelemnul.
  2236 | D:6      | Noticed an orc warrior
  2237 | D:6      | Noticed a steam dragon
  2241 | D:6      | Noticed a steam dragon
  2246 | D:6      | Killed from afar by a steam dragon

Levels and vault maps discovered:
D:1:      wheals_arrival_shading, layout_basic, minmay_small_reverse_x
D:2:      layout_basic, kennysheep_slug_shrine, lemuel_round_altar, first_ration
D:3:      layout_loops_ring, uniq_terence
D:4:      layout_basic
D:5:      layout_loops_corners, eat_drink_and_be_merry_uskayaw,
          lemuel_round_altar, due_unseen_surprise
D:6:      cheibrodos_steamvent, layout_loops_ring, yredelemnul_altar_generic,
          grunt_dithmenos_shadows, gup_sewer_entry_bubbles

Skill      XL: |  1  2  3  4  5 |
---------------+----------------+-----
Axes           | 3 4 5 |  5.1
Fighting       | 4 |  4.7
Armour         | 4 |  4.7
Shields        | 4 |  4.7

Action                   |  1- 3 |  4- 6 || total
-------------------------+-------+-------++-------
Melee: War axe           |    51 |    82 ||   133
       Headbutt          |     8 |    13 ||    21
  Use: Potion            |     1 |       ||     1
  Eat: Chunk             |       |     3 ||     3
       Ration            |       |     1 ||     1
Armor: Scale mail        |    28 |    25 ||    53
Dodge: Dodged            |    22 |    25 ||    47
Block: Kite shield       |    33 |    50 ||    83

Table legend:
 A = Non-vault XP
 B = Vault XP
 C = Vault XP percentage of total XP
 D = Non-vault monster count
 E = Vault monster count
 F = Vault count percentage of total count
                 A         B        C        D         E       F
            +---------+---------+-------+---------+---------+-------
      Total |     345 |       0 |   0.0 |      48 |       0 |   0.0
            +---------+---------+-------+---------+---------+-------
        D:1 |       3 |       0 |   0.0 |       2 |       0 |   0.0
        D:2 |      14 |       0 |   0.0 |       6 |       0 |   0.0
        D:3 |       4 |       0 |   0.0 |       2 |       0 |   0.0
        D:4 |     146 |       0 |   0.0 |      22 |       0 |   0.0
        D:5 |     169 |       0 |   0.0 |      13 |       0 |   0.0
        D:6 |       9 |       0 |   0.0 |       3 |       0 |   0.0
            +---------+---------+-------+---------+---------+-------
